 Dungeon Crawl Stone Soup version 0.29.1-2-gbd0b4ee654 (webtiles) character file.

Game seed: 18276762130737249078

100 wingedge the Magician (level 4, -4/39 HPs)
             Began as a Deep Elf Ice Elementalist on Oct 26, 2022.
             Killed by divine providence
             ... invoked by Grinder the smoke demon
              (15 damage)
             ... on level 3 of the Dungeon.
             The game lasted 00:10:32 (2775 turns).

wingedge the Magician (Deep Elf Ice Elementalist)   Turns: 2775, Time: 00:10:33

Health: -4/39      AC: 22    Str:  5    XL:     4   Next: 46%
Magic:  8/13       EV:  2    Int: 22    God:
Gold:   164        SH:  0    Dex: 21    Spells: 2/13 levels left

rFire   . . .      SeeInvis .   k - staff of cold
rCold   + + .      Faith    .   (no shield)
rNeg    . . .      Spirit   .   (body armour currently unavailable)
rPois   +          Reflect  .   (helmet currently unavailable)
rElec   .          Harm     .   (cloak currently unavailable)
rCorr   .          Rampage  .   (gloves currently unavailable)
Will    .....      NoTele   +   (boots currently unavailable)
Stlth   +.........              (no amulet)
HPRegen 0.13/turn               g - ring of protection from cold
MPRegen 0.13/turn               v - +6 ring of dexterity

@: on fire, tree-form, very slightly contaminated, glowing
A: stationary, stasis, torment immunity, boosted hp
a: no special abilities


You were on level 3 of the Dungeon.
You were a tree.
You visited 1 branch of the dungeon, and saw 3 of its levels.

You collected 164 gold pieces.

Inventory:

Missiles
 t - 2 poisoned darts
Armour
 a - a +0 robe (melded)
 o - a +0 kite shield
Magical Staves
 k - a staff of cold (weapon)
Jewellery
 g - a ring of protection from cold (left branch)
 r - a ring of protection from cold
 v - a +6 ring of dexterity (right branch)
Scrolls
 f - 2 scrolls of fear
 h - a scroll of poison
 j - a scroll of magic mapping
 l - 2 scrolls of vulnerability {unknown}
 n - a scroll of noise {unknown}
 s - a scroll of silence {unknown}
 u - a scroll of brand weapon {unknown}
 x - a scroll of teleportation {unknown}
Potions
 b - 2 potions of magic
 c - 2 potions of lignification
 d - a potion of attraction
 m - 2 potions of might
 p - a potion of berserk rage {unknown}
 q - 2 potions of brilliance {unknown}


   Skills:
 + Level 2.0 Fighting
 + Level 2.5 Dodging
 + Level 2.9 Stealth
 - Level 5.0 Spellcasting
 + Level 0.2 Conjurations
 - Level 4.3 Ice Magic


You had 2 spell levels left.
You knew the following spells:

 Your Spells              Type           Power      Damage    Failure   Level
a - Freeze                Ice            100%       1d11      1%          1
b - Ozocubu's Armour      Ice            37%        N/A       4%          3
c - Frozen Ramparts       Ice            74%        1d12      4%          3
d - Hailstorm             Conj/Ice       23%        3d7       36%         4

Your spell library contained the following spells:

 Spells                   Type           Power      Damage    Failure   Level


Dungeon Overview and Level Annotations

Branches:
Dungeon (3/15)

Altars:

Annotations:
D:1 1 transporter
D:3 Grinder


Message History

Confirm with . or Enter, or press ? or * to list all spells.
Aiming: Freeze (safe; 1% risk of failure)
Press: ? - help, Shift-Dir - straight line, f/p - Grinder
Aim: Grinder the smoke demon (heavily wounded)
You feel a surge of power!
You freeze Grinder.
Grinder is severely wounded.
You are covered in liquid flames!
You are no longer on fire.
Grinder hits you but does no damage. x3
Casting: Freeze (safe; 1% risk of failure)
Confirm with . or Enter, or press ? or * to list all spells.
Aiming: Freeze (safe; 1% risk of failure)
Press: ? - help, Shift-Dir - straight line, f/p - Grinder
Aim: Grinder the smoke demon (severely wounded)
You feel a surge of power!
You freeze Grinder.
Grinder is almost dead.
Grinder gestures at you.
The sticky flame hits you but does no damage.
You are covered in liquid flames!
Casting: Freeze (safe; 1% risk of failure)
Confirm with . or Enter, or press ? or * to list all spells.
Aiming: Freeze (safe; 1% risk of failure)
Press: ? - help, Shift-Dir - straight line, f/p - Grinder
Aim: Grinder the smoke demon (almost dead)
You feel a surge of power!
You miscast Freeze.
Nothing appears to happen.
You are covered in liquid flames!
Grinder hits you. Grinder completely misses you.
Grinder hits you but does no damage.
Casting: Freeze (safe; 1% risk of failure)
Confirm with . or Enter, or press ? or * to list all spells.
Aiming: Freeze (safe; 1% risk of failure)
Press: ? - help, Shift-Dir - straight line, f/p - Grinder
Aim: Grinder the smoke demon (almost dead)
You feel a surge of power!
You freeze Grinder.
Grinder is almost dead.
You are covered in liquid flames!
* * * LOW HITPOINT WARNING * * *
Grinder gestures at you. Makhleb smites you!
You die...

....#.###... ##....÷..#.
.......?....
#.#..........>.........
##.#..###...##..........
#..#..# #..#..........
#.#...#.###............#
.......................#
.....#####......3.).....
..8.## #.8...♣.......
...## ##...........!
..## ##........... .##
##.......... .#
#.........# .#
+........## .#
#.######## .## ##.# ..##
##..#


You could see Grinder the smoke demon.

Vanquished Creatures
  2 adders
  2 worms (D:2)
  11 dart slugs
  3 ball pythons
  An endoplasm (D:2)
  4 goblins
  5 hobgoblins
  3 jackals (D:2)
  4 kobolds
  5 quokkas
  3 bats
  3 frilled lizards
  7 rats
53 creatures vanquished.

Notes
Turn   | Place    | Note
-------+----------+-------------------------------------------
     0 | D:1      | wingedge the Deep Elf Ice Elementalist began the quest for
                  | the Orb.
     0 | D:1      | Reached XP level 1. HP: 10/10 MP: 6/6
     3 | D:1      | Found a faded altar of an unknown god.
   233 | D:1      | Reached skill level 1 in Fighting
   363 | D:1      | Reached XP level 2. HP: 16/16 MP: 6/8
   693 | D:2      | Reached skill level 4 in Spellcasting
   725 | D:2      | Reached XP level 3. HP: 20/20 MP: 6/10
   784 | D:2      | Learned a level 3 spell: Ozocubu's Armour
   788 | D:2      | Learned a level 3 spell: Frozen Ramparts
  1996 | D:3      | Reached skill level 5 in Spellcasting
  1998 | D:3      | Reached XP level 4. HP: 16/26 MP: 3/13
  2458 | D:3      | Learned a level 4 spell: Hailstorm
  2755 | D:3      | Noticed Grinder
  2757 | D:3      | Noticed Grinder
  2757 | D:3      | Grinder changed into Grinder the neqoxec
  2758 | D:3      | Noticed Grinder
  2758 | D:3      | Grinder the neqoxec changed into Grinder the smoke demon
  2775 | D:3      | Killed from afar by Grinder the smoke demon

Illustrated notes

Levels and vault maps discovered:
D:1:      spicycebolla_arrival_risky_transporter, layout_rooms,
          hellmonk_ecumenical_altar_blasted, minivault_5
D:2:      layout_loops_ring
D:3:      kennysheep_slugbush, layout_rooms, nicolae_overflow_ecumenical_swirl,
          hangedman_decor_clover_reticule, uniq_grinder

Skill      XL: |  1  2  3  4 |
---------------+-------------+-----
Fighting       | 1 2 |  2.0
Spellcasting   | 4 5 |  5.0
Dodging        | |  2.5
Stealth        | |  2.9
Conjurations   | |  0.2
Ice Magic      | |  4.3

Action                   |  1- 3 |  4- 6 || total
-------------------------+-------+-------++-------
Melee: Staff             |     2 |       ||     2
 Cast: Freeze            |    49 |    39 ||    88
       Ozocubu's Armour  |     3 |       ||     3
       Frozen Ramparts   |     2 |       ||     2
Evoke: Wand              |       |     4 ||     4
  Use: Scroll            |     7 |     2 ||     9
       Potion            |       |     4 ||     4
Armor: Robe              |     4 |     3 ||     7
       Skin              |       |    10 ||    10
Dodge: Dodged            |    15 |    20 ||    35
